[ AOE2 MATCH · #505092286 ]
UnrankedMalians vs Slavs
Player's team · LOSS
Rival team · WIN
[ REPLAY ANALYSIS · EXTRACTED FROM THE RECORDED GAME ]
Feudal
—
Castle
—
Imperial
—
| APM avg | 70.7 |
| APM peak | 92 |
| eAPM avg | 22.2 |
| Villagers / military | 13 / 0 |
Focus
⚔️ 38.6% · 🌾 61.4%
Feudal
—
Castle
—
Imperial
—
| APM avg | 63.4 |
| APM peak | 81 |
| eAPM avg | 30.3 |
| Villagers / military | 24 / 0 |
Focus
⚔️ 47.8% · 🌾 52.2%
Match map
Initial resources + every placement click. Lines = walls · curves = elevation contours. ◆ gold · ⬟ stone · ● berries · ✦ relic · ◌ wall gap
Your base
STORM | Noszombie's base
Smoothed initial terrain · ◌ = detected wall gap · hover for details
Inputs per minute
— Macluffy - - STORM | Noszombie
Build order — Macluffy
21 actions detected in the replay
| 0:01 | Create | Villager (Male) |
| 0:01 | Create | Villager (Male) |
| 0:02 | Build | House |
| 0:04 | Build | House |
| 0:13 | Research | Loom |
| 0:36 | Create | Villager (Male) |
| 0:36 | Create | Villager (Male) |
| 0:40 | Create | Villager (Male) |
| 0:40 | Create | Villager (Male) |
| 2:05 | Create | Villager (Male) |
| 2:42 | Build | Palisade Wall |
| 2:43 | Build | Palisade Wall |
| 2:57 | Build | Palisade Wall |
| 3:08 | Create | Villager (Male) |
| 4:27 | Create | Villager (Male) |
| 4:28 | Create | Villager (Male) |
| 5:12 | Create | Villager (Male) |
| 5:54 | Create | Villager (Male) |
| 6:14 | Build | House |
| 7:08 | Create | Villager (Male) |
| 8:01 | Build | Palisade Gate |
Build order — STORM | Noszombie
35 actions detected in the replay
| 0:01 | Create | Villager (Male) |
| 0:02 | Create | Villager (Male) |
| 0:02 | Build | House |
| 0:04 | Build | House |
| 0:18 | Create | Villager (Male) |
| 0:19 | Create | Villager (Male) |
| 1:13 | Research | Loom |
| 1:18 | Create | Villager (Male) |
| 1:37 | Create | Villager (Male) |
| 1:38 | Create | Villager (Male) |
| 2:19 | Create | Villager (Male) |
| 2:19 | Create | Villager (Male) |
| 2:23 | Build | Palisade Wall |
| 2:49 | Create | Villager (Male) |
| 3:57 | Create | Villager (Male) |
| 3:57 | Create | Villager (Male) |
| 4:40 | Create | Villager (Male) |
| 5:14 | Create | Villager (Male) |
| 6:02 | Create | Villager (Male) |
| 6:07 | Build | Palisade Wall |
| 6:22 | Create | Villager (Male) |
| 6:23 | Create | Villager (Male) |
| 6:23 | Create | Villager (Male) |
| 7:09 | Create | Villager (Male) |
| 7:16 | Create | Villager (Male) |
| 7:16 | Create | Villager (Male) |
| 7:31 | Create | Villager (Male) |
| 7:34 | Build | Palisade Wall |
| 7:39 | Build | Palisade Wall |
| 7:51 | Build | Palisade Wall |
| 7:57 | Build | Palisade Wall |
| 8:03 | Build | Palisade Wall |
| 8:21 | Build | Palisade Wall |
| 8:24 | Create | Villager (Male) |
| 8:33 | Create | Villager (Male) |
Match timeline
| 2:23 | STORM | Noszombie · wall_segment Palisade Wall x6 |
| 2:42 | Macluffy · wall_segment Palisade Wall x1 |
| 2:43 | Macluffy · wall_segment Palisade Wall x1 |
| 2:57 | Macluffy · wall_segment Palisade Wall x7 |
| 6:07 | STORM | Noszombie · wall_segment Palisade Wall x1 |
| 7:34 | STORM | Noszombie · wall_segment Palisade Wall x1 |
| 7:39 | STORM | Noszombie · wall_segment Palisade Wall x1 |
| 7:51 | STORM | Noszombie · wall_segment Palisade Wall x1 |
| 7:57 | STORM | Noszombie · wall_segment Palisade Wall x1 |
| 8:03 | STORM | Noszombie · wall_segment Palisade Wall x1 |
| 8:21 | STORM | Noszombie · wall_segment Palisade Wall x1 |
| 8:36 | Macluffy · resign |
[ AI ANALYSIS · 1 CREDIT ]
What really happened in this match?
Wolo.gg analyzes every decision: build order, eco, micro, common mistakes by bracket. Personalized analysis on WhatsApp or Discord in 30 seconds.
Civ guide
Malians
Perfil
Macluffy